 Dungeon Crawl Stone Soup version 0.24-a0-451-g263dff2034 (webtiles) character file.

Game seed: 864998030434111048

91 Gynju the Ruffian (level 4, -2/44 HPs)
             Began as a Troll Fighter on June 26, 2019.
             Slain by a hobgoblin (4 damage)
             ... led by Robin
             ... on level 2 of the Dungeon.
             The game lasted 00:03:13 (1286 turns).

Gynju the Ruffian (Troll Fighter)                   Turns: 1286, Time: 00:03:13

Health: -2/44      AC:  6    Str: 24    XL:     4   Next: 34%
Magic:  3/3        EV:  8    Int:  4    God:
Gold:   127        SH:  8    Dex: 10    Spells: 3/3 levels left

rFire    . . .     SeeInvis .     - Unarmed
rCold    . . .     Gourm    +   b - +0 shield
rNeg     . . .     Faith    .   a - +0 robe
rPois    +         Spirit   .   (helmet restricted)
rElec    .         Reflect  .   (no cloak)
rCorr    .         Harm     .   (gloves unavailable)
MR       .....                  (boots unavailable)
Stlth    +.........             (no amulet)
HPRegen  0.54/turn              g - -6 ring of slaying (curse)
MPRegen  0.08/turn              h - ring of poison resistance

@: no status effects
A: large, unfitting armour, claws 3, fast metabolism 3, gourmand, regeneration
1, shaggy fur 1, tough skin 3
a: no special abilities


You were on level 2 of the Dungeon.
You were completely stuffed.

You visited 1 branch of the dungeon, and saw 2 of its levels.

You collected 127 gold pieces.

Inventory:

Armour
 a - a +0 robe (worn)
 b - a +0 shield (worn)
Jewellery
 g - a cursed -6 ring of slaying (left claw)
 h - a ring of poison resistance (right claw)
Scrolls
 j - 6 scrolls of identify
Potions
 c - a potion of might
 e - a potion of haste
 i - a potion of resistance {unknown}
 k - a potion of heal wounds {unknown}
 l - 2 potions of lignification
 m - a potion of ambrosia {unknown}
Comestibles
 d - 5 rations
 f - 3 chunks of flesh


   Skills:
 - Level 2.4 Fighting
 - Level 2.4 Dodging
 - Level 2.4 Shields
 + Level 4.6 Unarmed Combat


You had 3 spell levels left.
You didn't know any spells.
Your spell library was empty.

Dungeon Overview and Level Annotations

Branches:
Dungeon (2/15)

Altars:

Annotations:
D:2 Robin


Innate Abilities, Weirdness & Mutations

You are too large for most types of armour.
You have claws for hands.
Your metabolism is lightning-fast.
You like to eat raw meat.
Your natural rate of healing is unusually fast.
You are covered in fur. (AC +1)
You have extremely tough skin. (AC +3)


Message History

You claw the goblin!
You kill the goblin!
Robin roars a battlecry!
The goblin goes into a battle-frenzy!
The goblin hits you with a +0 dagger. The goblin barely misses you.
The goblin hits you.
* * * LOW HITPOINT WARNING * * *
Robin throws the goblin at you! The hobgoblin hits you.
* * * LOW HITPOINT WARNING * * *
You closely miss the goblin. The goblin hits you with a +0 club!
* * * LOW HITPOINT WARNING * * *
The goblin hits you but does no damage. You block the goblin's attack. x2
The goblin hits you.
* * * LOW HITPOINT WARNING * * *
You block the hobgoblin's attack.
You completely miss the goblin. The goblin hits you but does no damage.
You block the goblin's attack. The goblin hits you but does no damage.
The goblin completely misses you. You block the goblin's attack.
The hobgoblin hits you.
You die...

........# ###### . .......#
#....# .. .(....# #....# ...
.....#######....#### ....
....##............. #
###........gg. #.........####
#.##.....(....#g###.........#
#.#..........gg@g...........#
#.............ggg##......##.#
#..........................###
#.................##.#####...##
#..............##....#####.#...
#..............#####.#.........
##............#........####....
##.......>...##......#....#....
#.........#####...[..####......


You could see Robin, 2 hobgoblins and 6 goblins.

Vanquished Creatures
  Natasha (D:1)
  An adder (D:2)
  A worm (D:2)
  2 leopard geckos (D:1)
  A ball python (D:2)
  6 bats
  3 giant cockroaches
  6 goblins
  7 hobgoblins
  5 jackals (D:1)
  2 frilled lizards
  7 kobolds
  8 rats (D:1)
50 creatures vanquished.

Notes
Turn   | Place    | Note
-------+----------+-------------------------------------------
     0 | D:1      | Gynju the Troll Fighter began the quest for the Orb.
     0 | D:1      | Reached XP level 1. HP: 22/22 MP: 0/0
   183 | D:1      | Reached XP level 2. HP: 29/29 MP: 1/1
   281 | D:1      | Reached skill level 3 in Unarmed Combat
   481 | D:1      | Reached XP level 3. HP: 36/36 MP: 2/2
   871 | D:2      | Noticed Natasha
   897 | D:1      | Killed Natasha
   897 | D:1      | Reached skill level 4 in Unarmed Combat
   963 | D:2      | Reached XP level 4. HP: 44/44 MP: 3/3
  1274 | D:2      | Noticed Robin
  1285 | D:2      | HP: 2/44 [goblin/+0 club[Robin] (8)]
  1286 | D:2      | Slain by a hobgoblin

Levels and vault maps discovered:
D:1:      scummos_arrival_hexagon, layout_loops_ring
D:2:      layout_rooms, uniq_natasha, uniq_robin

Skill      XL: |  1  2  3 |
---------------+----------+-----
Unarmed Combat | 3 4 |  4.6
Fighting       | |  2.4
Dodging        | |  2.4
Shields        | |  2.4

Action                   |  1- 3 |  4- 6 || total
-------------------------+-------+-------++-------
Melee: Unarmed           |   218 |    59 ||   277
  Use: Scroll            |     5 |       ||     5
 Stab: Sleeping          |     1 |       ||     1
  Eat: Chunk             |    15 |     3 ||    18
Armor: Robe              |   119 |    36 ||   155
Dodge: Dodged            |   107 |    27 ||   134
Block: Shield            |   124 |    39 ||   163

Table legend:
 A = Non-vault XP
 B = Vault XP
 C = Vault XP percentage of total XP
 D = Non-vault monster count
 E = Vault monster count
 F = Vault count percentage of total count
                 A         B        C        D         E       F
            +---------+---------+-------+---------+---------+-------
      Total |      92 |      39 |  29.8 |      47 |       3 |   6.0
            +---------+---------+-------+---------+---------+-------
        D:1 |      58 |      35 |  37.6 |      36 |       1 |   2.7
        D:2 |      34 |       4 |  10.5 |      11 |       2 |  15.4
            +---------+---------+-------+---------+---------+-------
